Map: 2000 Atmospheres LE

Players

MCanning

  • Race: Protoss Protoss

TriGGeR - Winner!

  • Race: Protoss Protoss

Event: DreamHack SC2 Masters 2021 Fall

VOD

Have the link to the VOD?

Description

Time

  • Played on: Aug. 5, 2021, 4:24 p.m.
  • Length: 10:40

All games in this series

Show
View Real Time Build Order
Export as new Build Order

MCanning Protoss 

Build Orders: Chargelot Immortal 

Get SALT Encoding   

  12  0:00  Probe  
  13  0:12  Probe  
  14  0:17  Pylon  
  14  0:24  Probe  
  15  0:36  Gateway  
  15  0:37  Probe (Chrono Boost)  
  16  0:47  Assimilator, Probe (Chrono Boost)  
  17  0:51  Probe (Chrono Boost)  
  17  0:55  Assimilator  
  18  1:03  Probe (Chrono Boost)  
  19  1:09  Gateway  
  19  1:13  Probe (Chrono Boost)  
  20  1:18  Probe  
  21  1:26  Cybernetics Core  
  21  1:31  Probe  
  22  1:39  Pylon  
  22  1:43  Probe  
  23  1:48  Pylon  
  23  1:57  Probe  
  24  2:04  Stalker (Chrono Boost)  
  28  2:11  Sentry (Chrono Boost)  
  28  2:27  Warp Gate  
  28  2:32  Sentry  
  30  2:37  Nexus  
  30  2:41  Pylon  
  30  2:46  Probe  
  31  2:57  Robotics Facility  
  31  2:59  Probe  
  32  3:06  Stalker x2  
  32  3:11  Probe (Chrono Boost)  
  33  3:14  Forge  
  33  3:22  Probe (Chrono Boost)  
  33  3:26  Probe (Chrono Boost)  
  34  3:27  Pylon  
  34  3:29  Shield Battery  
  35  3:38  Stalker  
  37  3:46  Shield Battery  
  38  3:54  Shield Battery  
  37  3:59  Immortal  
  41  4:07  Probe x2  
  42  4:16  Protoss Ground Weapons Level 1  
  42  4:19  Probe (Chrono Boost)  
  42  4:22  Probe (Chrono Boost)  
  44  4:26  Stalker  
  44  4:30  Shield Battery  
  47  4:33  Probe (Chrono Boost)  
  47  4:37  Probe (Chrono Boost)  
  48  4:40  Stalker, Probe  
  49  4:48  Probe (Chrono Boost)  
  49  4:53  Probe (Chrono Boost)  
  49  4:59  Probe (Chrono Boost)  
  50  5:02  Sentry, Probe (Chrono Boost)  
  50  5:05  Probe (Chrono Boost)  
  50  5:06  Pylon  
  54  5:07  Observer, Probe (Chrono Boost)  
  56  5:14  Probe  
  56  5:15  Immortal  
  56  5:19  Nexus  
  56  5:21  Probe  
  58  5:24  Pylon  
  58  5:26  Probe  
  59  5:35  Twilight Council, Probe  
  60  5:42  Photon Cannon, Probe  
  61  5:47  Probe  
  59  5:54  Probe (Chrono Boost)  
  59  6:00  Shield Battery, Stalker  
  62  6:04  Probe (Chrono Boost)  
  62  6:06  Probe (Chrono Boost), Immortal  
  62  6:07  Charge (Chrono Boost)  
  62  6:10  Pylon  
  67  6:12  Probe (Chrono Boost)  
  67  6:13  Probe (Chrono Boost)  
  69  6:20  Probe  
  69  6:22  Dark Shrine  
  70  6:28  Pylon, Probe  
  70  6:30  Assimilator  
  71  6:32  Zealot  
  71  6:35  Assimilator, Probe  
  74  6:40  Probe  
  74  6:41  Protoss Ground Weapons Level 2  
  75  6:47  Probe  
  75  6:51  Immortal  
  75  6:52  Zealot, Probe  
  83  6:57  Zealot  
  83  6:59  Probe  
  86  7:10  Nexus  
  86  7:12  Pylon  
  86  7:19  Gateway  
  86  7:22  Gateway  
  86  7:24  Probe  
  86  7:26  Pylon  
  86  7:33  Robotics Bay  
  86  7:34  Probe  
  86  7:35  Shield Battery  
  87  7:37  Dark Templar  
  87  7:44  Dark Templar  
  91  7:51  Gateway  
  91  7:53  Gateway  
  91  7:57  Probe  
  85  8:11  Zealot  
  85  8:15  Photon Cannon, Zealot  
  85  8:17  Dark Templar  
  85  8:18  Probe  
  85  8:19  Probe  
  90  8:24  Dark Templar  
  83  8:32  Probe (Chrono Boost)  
  83  8:33  Probe (Chrono Boost)  
  75  8:34  Dark Templar  
  75  8:39  Dark Templar  
  65  8:41  Probe (Chrono Boost)  
  65  8:52  Archon  
  65  8:53  Disruptor (Chrono Boost)  
  69  8:56  Zealot x2  
  69  8:57  Zealot x2  
  63  9:10  Zealot  
  63  9:15  Zealot  
  67  9:19  Zealot x4  
  67  9:23  Disruptor (Chrono Boost)  
  76  9:38  Zealot x2  
  76  9:39  Zealot x2  
  84  9:49  Assimilator  
  84  9:51  Pylon  
  84  9:53  Pylon  
  84  10:02  Pylon x2  
  84  10:08  Disruptor (Chrono Boost)  
  84  10:11  Dark Templar x2  
  91  10:16  Zealot  
  91  10:17  Archon  
  91  10:21  Zealot x3  
  81  10:36  Zealot  
Show
View Real Time Build Order
Export as new Build Order

TriGGeR Protoss - Winner!

Build Orders: Oracle Opening 

Get SALT Encoding   

  12  0:00  Probe  
  13  0:12  Probe  
  14  0:19  Pylon  
  14  0:24  Probe (Chrono Boost)  
  15  0:37  Gateway, Probe (Chrono Boost)  
  16  0:46  Assimilator, Probe (Chrono Boost)  
  17  0:52  Probe  
  18  1:04  Probe (Chrono Boost)  
  19  1:05  Assimilator  
  19  1:10  Pylon  
  19  1:14  Probe (Chrono Boost)  
  20  1:19  Probe (Chrono Boost)  
  20  1:24  Zealot  
  23  1:28  Cybernetics Core  
  23  1:31  Probe  
  24  1:43  Probe  
  25  1:55  Probe  
  26  2:05  Warp Gate  
  29  2:10  Nexus  
  29  2:11  Stalker (Chrono Boost)  
  28  2:24  Stargate  
  28  2:26  Probe  
  29  2:34  Stalker  
  30  2:41  Pylon  
  30  2:48  Shield Battery  
  30  2:51  Probe  
  31  3:04  Probe  
  31  3:05  Oracle (Chrono Boost)  
  35  3:14  Gateway  
  36  3:23  Probe x2 (Chrono Boost)  
  37  3:32  Probe (Chrono Boost)  
  39  3:34  Probe (Chrono Boost)  
  39  3:37  Probe (Chrono Boost)  
  39  3:39  Oracle  
  43  3:43  Probe  
  44  3:49  Probe  
  44  3:55  Probe  
  44  4:01  Probe  
  45  4:03  Twilight Council  
  45  4:07  Stalker, Probe  
  48  4:16  Probe  
  49  4:19  Assimilator  
  47  4:26  Stalker  
  47  4:27  Probe  
  47  4:29  Gateway  
  50  4:32  Gateway, Probe  
  50  4:36  Pylon, Stalker  
  53  4:39  Probe  
  53  4:41  Blink (Chrono Boost)  
  54  4:54  Pylon, Probe x2  
  54  4:58  Stalker  
  58  5:06  Probe x2  
  60  5:08  Pylon  
  60  5:13  Stalker  
  62  5:20  Nexus  
  62  5:24  Stalker  
  64  5:32  Stalker x2  
  68  5:36  Forge  
  68  5:40  Probe x2  
  70  5:53  Stalker  
  70  5:54  Stalker  
  70  5:56  Probe x2  
  76  6:01  Pylon  
  76  6:03  Robotics Facility  
  76  6:06  Protoss Ground Weapons Level 1 (Chrono Boost)  
  76  6:08  Probe  
  76  6:09  Probe  
  76  6:11  Charge, Pylon  
  78  6:20  Probe  
  78  6:22  Probe  
  80  6:32  Probe x2  
  82  6:34  Gateway x2, Probe  
  82  6:39  Sentry x2  
  87  6:44  Probe  
  88  6:48  Zealot  
  88  6:49  Zealot  
  88  6:51  Observer (Chrono Boost)  
  88  6:52  Gateway  
  88  6:53  Gateway  
  88  6:54  Pylon  
  93  6:57  Pylon  
  93  7:01  Gateway  
  93  7:04  Zealot x2  
  93  7:05  Pylon  
  97  7:11  Warp Prism (Chrono Boost)  
  97  7:15  Pylon, Zealot  
  101  7:16  Zealot  
  103  7:27  Zealot x2  
  103  7:28  Zealot  
  109  7:33  Zealot  
  111  7:37  Pylon  
  111  7:38  Pylon  
  109  7:44  Templar Archives  
  109  7:46  Observer (Chrono Boost)  
  110  7:53  Zealot x6  
  119  8:15  Zealot x9  
  98  8:44  Stalker x4  
  98  8:45  Stalker  
  99  8:57  Zealot x4  
  99  9:01  Photon Cannon x2  
  107  9:07  Zealot x5  
  111  9:15  Photon Cannon  
  111  9:21  High Templar x3  
  115  9:28  Archon, Zealot  
  115  9:29  Zealot x4  
  125  9:34  High Templar  
  127  9:40  Archon  
  127  9:48  Gateway  
  127  9:56  Stalker  
  127  9:58  Probe  
  127  9:59  Nexus, Probe x2  
  132  10:00  Assimilator  
  132  10:02  Assimilator  
  132  10:06  Photon Cannon  
  132  10:07  Stalker  
  132  10:11  Probe  
  135  10:17  Stalker x2  
  139  10:22  Pylon  
  139  10:23  Stalker  
  129  10:36  Zealot  
  129  10:37  Zealot x2  

Tags
 
Add a new tag
Caveats
  • Supply blocks, unpowered buildings, or Contaminate may cause inaccurate times.
  • Supply counts are checked every 10 seconds.